SAA
CHESAPEAKE CANGREJOS FANTASMAS @ LAKE MINNETONKA LOVE BOATS
06/03/2051
 
TOP OF THE 1ST
Chesapeake Cangrejos Fantasmas batting - Pitching for Lake Minnetonka Love Boats : RHP Mike Wilson
Pitching: RHP Mike Wilson
Batting: RHB Lester Johnson 0-0: Ball
1-0: Called Strike
1-1: Foul Ball, location: 2F
1-2: Strikes out looking
Batting: RHB Rafael Suarez 0-0: Swinging Strike
0-1: Foul Ball, location: 2F
0-2: Foul Ball, location: 2F
0-2: Ball
1-2: Ground out U3 (Groundball, 34, EV 85.6 MPH)
Batting: LHB Harry Hiseler 0-0: Ball
1-0: Called Strike
1-1: Foul Ball, location: 2F
1-2: DOUBLE (Line Drive, 78M, EV 99.4 MPH)
Batting: RHB Ed Bowen 0-0: Ground out 6-3 (Groundball, 6, EV 99.4 MPH)
Top of the 1st over - 0 runs, 1 hit, 0 errors, 1 left on base; Chesapeake 0 - Lake Minnetonka 0
BOTTOM OF THE 1ST
Lake Minnetonka Love Boats batting - Pitching for Chesapeake Cangrejos Fantasmas : RHP Chris Small
Pitching: RHP Chris Small
Batting: RHB Júlio Vega 0-0: Ball
1-0: SINGLE (Groundball, 34D, EV 98.1 MPH)
Batting: LHB Mike Manley 0-0: Called Strike
0-1: Swinging Strike
0-2: Ball
1-2: Ball
2-2: Foul Ball, location: 2F
2-2: Fly out, F7 (Flyball, 7D, EV 86.9 MPH)
Batting: SHB Calum MacKinlay 0-0: Foul Ball, location: 2F
0-1: Fly out, F8 (Flyball, 78M, EV 86.9 MPH)
Batting: LHB José Téllez 0-0: Ball
1-0: Called Strike
1-1: Swinging Strike
1-2: Ball
2-2: Foul Ball, location: 2F
2-2: Foul Ball, location: 2F
2-2: Hit by Pitch
Júlio Vega to second
Batting: RHB Kyle Harris 0-0: Ball
1-0: Ball
2-0: Called Strike
2-1: SINGLE (Groundball, 6MD, EV 95.0 MPH)
Júlio Vega to third
José Téllez to second
Runner from 3rd tries for Home, SAFE, throw by CF to home
Batting: RHB Jeff Austin 0-0: Fly out, F9 (Flyball, 9, EV 78.1 MPH)
Bottom of the 1st over - 1 run, 2 hits, 0 errors, 2 left on base; Chesapeake 0 - Lake Minnetonka 1
TOP OF THE 2ND
Chesapeake Cangrejos Fantasmas batting - Pitching for Lake Minnetonka Love Boats : RHP Mike Wilson
Batting: RHB Jud Nichols 0-0: Foul Ball, location: 2F
0-1: Called Strike
0-2: Fly out, F9 (Flyball, 9S, EV 89.4 MPH)
Batting: RHB Alberto Luján 0-0: Called Strike
0-1: Ball
1-1: Ball
2-1: Ball
3-1: Base on Balls
Batting: RHB Chae-ho Nan 0-0: Swinging Strike
0-1: Ball
1-1: Called Strike
1-2: Ball
2-2: Strikes out looking
Batting: RHB John Stanley 0-0: Ball
1-0: Foul Ball, location: 2F
1-1: Swinging Strike
1-2: Foul Ball, location: 2F
1-2: Strikes out looking
Top of the 2nd over - 0 runs, 0 hits, 0 errors, 1 left on base; Chesapeake 0 - Lake Minnetonka 1
BOTTOM OF THE 2ND
Lake Minnetonka Love Boats batting - Pitching for Chesapeake Cangrejos Fantasmas : RHP Chris Small
Batting: RHB Luis Martínez 0-0: Ball
1-0: Fly out, F7 (Line Drive, 78S, EV 101.2 MPH)
Batting: RHB Conceição Adriano 0-0: Ball
1-0: Ball
2-0: Fly out, F9 (Flyball, 9, EV 90.6 MPH)
Batting: RHB Heng-zong Fen 0-0: Called Strike
0-1: Foul Ball, location: 2F
0-2: Foul Ball, location: 2F
0-2: Ground out 6-3 (Groundball, 56, EV 83.8 MPH)
Bottom of the 2nd over - 0 runs, 0 hits, 0 errors, 0 left on base; Chesapeake 0 - Lake Minnetonka 1
TOP OF THE 3RD
Chesapeake Cangrejos Fantasmas batting - Pitching for Lake Minnetonka Love Boats : RHP Mike Wilson
Batting: RHB Dave Lawrence 0-0: Ball
1-0: Ball
2-0: Swinging Strike
2-1: Called Strike
2-2: Foul Ball, location: 2F
2-2: Ground out 5-3 (Groundball, 56S, EV 81.9 MPH)
Batting: RHB Lester Johnson 0-0: Swinging Strike
0-1: Ball
1-1: Ball
2-1: Swinging Strike
2-2: Ball
3-2: Strikes out swinging
Batting: RHB Rafael Suarez 0-0: Ball
1-0: Foul Ball, location: 2F
1-1: Foul Ball, location: 2F
1-2: Strikes out swinging
Top of the 3rd over - 0 runs, 0 hits, 0 errors, 0 left on base; Chesapeake 0 - Lake Minnetonka 1
BOTTOM OF THE 3RD
Lake Minnetonka Love Boats batting - Pitching for Chesapeake Cangrejos Fantasmas : RHP Chris Small
Batting: RHB Júlio Vega 0-0: Ball
1-0: DOUBLE (Groundball, 5L, EV 108.8 MPH)
Pinch Runner at 2nd Spencer Sottrel:
Batting: LHB Mike Manley 0-0: Foul Ball, location: 2F
0-1: Ball
1-1: Ball
2-1: SINGLE (Flyball, 8RS, EV 88.1 MPH)
Spencer Sottrel to third
Batting: SHB Calum MacKinlay 0-0: Ball
1-0: Ball
2-0: Swinging Strike
2-1: Ball
3-1: Fly out, F7 (Line Drive, 7S, EV 91.2 MPH)
Batting: LHB José Téllez 0-0: Swinging Strike
0-1: Ball
1-1: Fly out, F7 (Flyball, 7, EV 84.4 MPH)
Runner from 3rd tags up, SCORES, throw by LF
Batting: RHB Kyle Harris 0-0: Fielders Choice at 2nd, 6-4 (Groundball, 56, EV 86.2 MPH)
Bottom of the 3rd over - 1 run, 2 hits, 0 errors, 1 left on base; Chesapeake 0 - Lake Minnetonka 2
TOP OF THE 4TH
Chesapeake Cangrejos Fantasmas batting - Pitching for Lake Minnetonka Love Boats : RHP Mike Wilson
Now in CF: Spencer Sottrel
Batting: LHB Harry Hiseler 0-0: Called Strike
0-1: Called Strike
0-2: Ball
1-2: Foul Ball, location: 2F
1-2: Ball
2-2: Ball
3-2: DOUBLE (Line Drive, 78XD, EV 108.1 MPH)
Batting: RHB Ed Bowen 0-0: Called Strike
0-1: Ball
1-1: Foul Ball, location: 2F
1-2: Ball
2-2: Strikes out swinging
Batting: RHB Jud Nichols 0-0: Ball
1-0: Ball
2-0: Foul Ball, location: 2F
2-1: Foul Ball, location: 2F
2-2: Ball
3-2: Ground out 6-3 (Groundball, 6, EV 86.2 MPH)
Batting: RHB Alberto Luján 0-0: Swinging Strike
0-1: Ball
1-1: Ball
2-1: Swinging Strike
2-2: Strikes out looking
Top of the 4th over - 0 runs, 1 hit, 0 errors, 1 left on base; Chesapeake 0 - Lake Minnetonka 2
BOTTOM OF THE 4TH
Lake Minnetonka Love Boats batting - Pitching for Chesapeake Cangrejos Fantasmas : RHP Chris Small
Batting: RHB Jeff Austin 0-0: Ball
1-0: Ball
2-0: Ball
3-0: Base on Balls
Batting: RHB Luis Martínez 0-0: Ball
1-0: Fly out, F6 (Line Drive, 6MD, EV 66.2 MPH)
Batting: RHB Conceição Adriano 0-0: Called Strike
0-1: Ball
1-1: SINGLE (Line Drive, 89M, EV 94.4 MPH)
Jeff Austin to second
Runner from 2nd tries for 3rd, SAFE, no throw by RF
Batting: RHB Heng-zong Fen 0-0: Fielders Choice at 2nd, 1-6 (Groundball, 13S, EV 72.5 MPH)
Batting: LHB Spencer Sottrel 0-0: Foul Ball, location: 2F
0-1: Ball
1-1: Ball
2-1: Ball
3-1: SINGLE (Line Drive, 9, EV 98.1 MPH)
Jeff Austin scores
Heng-zong Fen to second
Runner from 2nd tries for 3rd, SAFE, no throw by RF
Batting: LHB Mike Manley 0-0: Ball
1-0: Ground out 4-3 (Groundball, 4, EV 92.5 MPH)
Bottom of the 4th over - 1 run, 2 hits, 0 errors, 2 left on base; Chesapeake 0 - Lake Minnetonka 3
TOP OF THE 5TH
Chesapeake Cangrejos Fantasmas batting - Pitching for Lake Minnetonka Love Boats : RHP Mike Wilson
Batting: RHB Chae-ho Nan 0-0: Called Strike
0-1: Ball
1-1: Fly out, F9 (Flyball, 9D, EV 90.0 MPH)
Batting: RHB John Stanley 0-0: Ball
1-0: Ball
2-0: Ball
3-0: Called Strike
3-1: Called Strike
3-2: Foul Ball, location: 2F
3-2: Fly out, F4 (Popup, 23, EV 84.4 MPH)
Batting: RHB Dave Lawrence 0-0: Foul Ball, location: 2F
0-1: Foul Ball, location: 2F
0-2: Fly out, F8 (Flyball, 89D, EV 77.5 MPH)
Top of the 5th over - 0 runs, 0 hits, 0 errors, 0 left on base; Chesapeake 0 - Lake Minnetonka 3
BOTTOM OF THE 5TH
Lake Minnetonka Love Boats batting - Pitching for Chesapeake Cangrejos Fantasmas : RHP Chris Small
Batting: SHB Calum MacKinlay 0-0: Ball
1-0: Called Strike
1-1: Ball
2-1: Ground out 4-3 (Groundball, 4, EV 98.8 MPH)
Batting: LHB José Téllez 0-0: Swinging Strike
0-1: Foul Ball, location: 2F
0-2: Ball
1-2: Strikes out swinging
Batting: RHB Kyle Harris 0-0: Ball
1-0: Foul Ball, location: 2F
1-1: Foul Ball, location: 2F
1-2: Strikes out swinging, 2-3 out at first.
Bottom of the 5th over - 0 runs, 0 hits, 0 errors, 0 left on base; Chesapeake 0 - Lake Minnetonka 3
TOP OF THE 6TH
Chesapeake Cangrejos Fantasmas batting - Pitching for Lake Minnetonka Love Boats : RHP Mike Wilson
Batting: RHB Lester Johnson 0-0: Ball
1-0: Ball
2-0: Ball
3-0: Base on Balls
Batting: RHB Rafael Suarez 0-0: Bunted foul
0-1: Bunted foul
0-2: Ball
1-2: Ball
2-2: Fielders Choice at 2nd, 1-4 (Groundball, 15S, EV 71.9 MPH)
Batting: LHB Harry Hiseler 0-0: Ball
1-0: Foul Ball, location: 2F
1-1: Ball
2-1: Ball
3-1: Swinging Strike
3-2: Fly out, F9 (Line Drive, 89M, EV 93.1 MPH)
Pitching: RHP Joel Vaughn
Batting: RHB Ed Bowen 0-0: Called Strike
Rafael Suarez is caught stealing 2nd base 2-4
Top of the 6th over - 0 runs, 0 hits, 0 errors, 0 left on base; Chesapeake 0 - Lake Minnetonka 3
BOTTOM OF THE 6TH
Lake Minnetonka Love Boats batting - Pitching for Chesapeake Cangrejos Fantasmas : RHP Chris Small
Batting: RHB Jeff Austin 0-0: Called Strike
0-1: Ball
1-1: Ball
2-1: Fly out, F9 (Flyball, 9S, EV 86.9 MPH)
Batting: RHB Luis Martínez 0-0: Ball
1-0: Called Strike
1-1: Ball
2-1: Swinging Strike
2-2: Strikes out swinging
Batting: RHB Conceição Adriano 0-0: Ball
1-0: Ball
2-0: DOUBLE (Line Drive, 78M, EV 93.1 MPH)
Batting: RHB Heng-zong Fen 0-0: Called Strike
0-1: Ball
1-1: DOUBLE (Line Drive, 9LM, EV 100.0 MPH)
Conceição Adriano scores
Batting: LHB Spencer Sottrel 0-0: Foul Ball, location: 2F
0-1: Called Strike
0-2: Foul Ball, location: 2F
0-2: Strikes out swinging
Bottom of the 6th over - 1 run, 2 hits, 0 errors, 1 left on base; Chesapeake 0 - Lake Minnetonka 4
TOP OF THE 7TH
Chesapeake Cangrejos Fantasmas batting - Pitching for Lake Minnetonka Love Boats : RHP Joel Vaughn
Batting: RHB Ed Bowen 0-0: Called Strike
0-1: Reached on error, E4 (Groundball, 4, EV 83.8 MPH)
Batting: RHB Jud Nichols 0-0: Ball
1-0: DOUBLE (Flyball, 8RXD, EV 103.1 MPH)
Ed Bowen to third
Batting: RHB Alberto Luján 0-0: Foul Ball, location: 2F
0-1: Called Strike
0-2: Strikes out swinging
Batting: RHB Chae-ho Nan 0-0: Foul Ball, location: 2F
0-1: Fly out, F9 (Line Drive, 9, EV 104.4 MPH)
Runner from 3rd tags up, SCORES, throw by RF
Jud Nichols to third
Batting: RHB John Stanley 0-0: Ball
1-0: 2-RUN HOME RUN (Line Drive, 7LD, EV 96.9 MPH), Distance : 345 ft
Pitching: RHP Dave Jenkins
Batting: RHB Dave Lawrence 0-0: Foul Ball, location: 2F
0-1: Ball
1-1: Ball
2-1: Swinging Strike
2-2: Strikes out looking
Top of the 7th over - 3 runs, 2 hits, 1 error, 0 left on base; Chesapeake 3 - Lake Minnetonka 4
BOTTOM OF THE 7TH
Lake Minnetonka Love Boats batting - Pitching for Chesapeake Cangrejos Fantasmas : RHP Chris Small
Batting: LHB Mike Manley 0-0: Ball
1-0: Called Strike
1-1: Foul Ball, location: 2F
1-2: Ball
2-2: Fly out, F5 (Popup, 5SF, EV 81.9 MPH)
Pitching: RHP Anil Seshu
Batting: SHB Calum MacKinlay 0-0: Swinging Strike
0-1: Called Strike
0-2: Ground out 3-1 (Groundball, 34, EV 86.2 MPH)
Batting: LHB José Téllez 0-0: Called Strike
0-1: Ball
1-1: Swinging Strike
1-2: Ball
2-2: Fly out, F9 (Flyball, 9S, EV 83.8 MPH)
Bottom of the 7th over - 0 runs, 0 hits, 0 errors, 0 left on base; Chesapeake 3 - Lake Minnetonka 4
TOP OF THE 8TH
Chesapeake Cangrejos Fantasmas batting - Pitching for Lake Minnetonka Love Boats : RHP Dave Jenkins
Batting: RHB Lester Johnson 0-0: Ball
1-0: Swinging Strike
1-1: Ball
2-1: Foul Ball, location: 2F
2-2: Strikes out swinging
Batting: RHB Rafael Suarez 0-0: Ball
1-0: Foul Ball, location: 2F
1-1: Swinging Strike
1-2: Foul Ball, location: 2F
1-2: Ball
2-2: Foul Ball, location: 2F
2-2: SINGLE (Groundball, 6MS, EV 69.4 MPH) (infield hit)
Pitching: LHP Sing Song
Batting: LHB Harry Hiseler 0-0: Called Strike
0-1: Ball
1-1: Ball
2-1: Ball
3-1: Called Strike
3-2: Fly out, F9 (Flyball, 89D, EV 104.4 MPH)
Batting: RHB Ed Bowen 0-0: Foul Ball, location: 2F
0-1: Foul Ball, location: 2F
0-2: Ball
1-2: Ball
2-2: Foul Ball, location: 2F
2-2: Foul Ball, location: 2F
2-2: Ball
3-2: Foul Ball, location: 2F
3-2: Fly out, F9 (Flyball, 9D, EV 80.6 MPH)
Top of the 8th over - 0 runs, 1 hit, 0 errors, 1 left on base; Chesapeake 3 - Lake Minnetonka 4
BOTTOM OF THE 8TH
Lake Minnetonka Love Boats batting - Pitching for Chesapeake Cangrejos Fantasmas : RHP Anil Seshu
Batting: RHB Kyle Harris 0-0: Called Strike
0-1: Called Strike
0-2: Ground out 5-3 (Groundball, 56, EV 106.9 MPH)
Batting: RHB Jeff Austin 0-0: Fly out, F8 (Flyball, 8RM, EV 91.2 MPH)
Batting: RHB Luis Martínez 0-0: SINGLE (Line Drive, 8LS, EV 97.5 MPH)
Batting: RHB Conceição Adriano 0-0: Ball
1-0: SINGLE (Groundball, P, EV 80.0 MPH) (infield hit)
Luis Martínez to second
Batting: RHB Heng-zong Fen 0-0: Ball
1-0: Called Strike
1-1: Foul Ball, location: 2F
1-2: Ball
2-2: Foul Ball, location: 2F
2-2: DOUBLE (Groundball, 5L, EV 105.0 MPH)
Luis Martínez scores
Conceição Adriano to third
Runner from 3rd tries for Home, SAFE, throw by LF to trailing runner, SAFE at third!
Batting: LHB Spencer Sottrel 0-0: Called Strike
0-1: Called Strike
0-2: Ball
1-2: Strikes out swinging
Bottom of the 8th over - 2 runs, 3 hits, 0 errors, 1 left on base; Chesapeake 3 - Lake Minnetonka 6
TOP OF THE 9TH
Chesapeake Cangrejos Fantasmas batting - Pitching for Lake Minnetonka Love Boats : LHP Sing Song
Pitching: RHP Uljas Linkomies
Batting: RHB Jud Nichols 0-0: Ball
1-0: Ball
2-0: Ball
3-0: Base on Balls
Batting: RHB Alberto Luján 0-0: Ball
1-0: Ball
2-0: Swinging Strike
2-1: Ball
3-1: Base on Balls
Jud Nichols to second
Batting: RHB Chae-ho Nan 0-0: Foul Ball, location: 2F
0-1: Called Strike
0-2: Strikes out swinging
Batting: RHB John Stanley 0-0: Called Strike
0-1: Ball
1-1: Foul Ball, location: 2F
1-2: Ball
2-2: Strikes out swinging
Pinch Hitting: RHB Tony Díaz Balk!
Jud Nichols to third
Alberto Luján to second
0-0: Called Strike
0-1: Foul Ball, location: 2F
0-2: Strikes out looking
Top of the 9th over - 0 runs, 0 hits, 0 errors, 2 left on base; Chesapeake 3 - Lake Minnetonka 6
Friday, July 7th , 2023 - OOTP Baseball 23.10 Build 110